 Dungeon Crawl Stone Soup version 0.29.1-1-gd02db6906a (webtiles) character file.

Game seed: 2487809016288323951

75 sentinel the Digger (level 4, -2/33 HPs)
             Began as a Meteoran Earth Elementalist on Oct 6, 2022.
             Was an Initiate of Ashenzari.
             Slain by Ijyb
             ... wielding a +0 dagger
              (6 damage)
             ... on level 4 of the Dungeon.
             The game lasted 00:01:45 (271 turns).

sentinel the Digger (Meteoran Earth Elementalist)    Turns: 271, Time: 00:01:46

Health: -2/33      AC:  2    Str: 10    XL:     4   Next: 86%
Magic:  4/9        EV:  9    Int: 18    God:    Ashenzari [......]
Gold:   0          SH:  0    Dex: 14    Spells: 2/8 levels left

rFire   . . .      SeeInvis .   (no weapon)
rCold   + . .      Faith    .   (no shield)
rNeg    . . .      Spirit   .   a - +0 robe
rPois   .          Reflect  .   (no helmet)
rElec   .          Harm     .   (no cloak)
rCorr   .          Rampage  .   (no gloves)
Will    .....                   (no boots)
Stlth   +.........              (no amulet)
HPRegen 0.11/turn               c - ring of protection from cold
MPRegen 0.11/turn               (no ring)

@: grasped by roots, glowing, constricted
A: sense surroundings 1, otherworldly, glowing, explore regen
a: Renounce Religion


You were on level 4 of the Dungeon.
You worshipped Ashenzari.
Ashenzari was noncommittal.
You visited 1 branch of the dungeon, and saw 5 of its levels.

Inventory:

Armour
 a - a +0 robe (worn)
Jewellery
 c - a ring of protection from cold (left hand)
Scrolls
 e - a scroll of silence {unknown}
 f - a scroll of acquirement {unknown}
Potions
 b - a potion of magic
 d - a potion of brilliance {unknown}


   Skills:
 - Level 2.4 Dodging
 - Level 1.4 Stealth
 - Level 2.6 Spellcasting
 * Level 0.0 Conjurations
 - Level 1.2 Transmutations
 - Level 6.1 Earth Magic


You had 2 spell levels left.
You knew the following spells:

 Your Spells              Type           Power      Damage    Failure   Level
a - Sandblast             Erth           48%        2d12      1%          1
b - Stone Arrow           Conj/Erth      26%        3d8       14%         3
c - Passwall              Tmut/Erth      12%        N/A       6%          2

Your spell library contained the following spells:

 Spells                   Type           Power      Damage    Failure   Level
 Sting                    Tmut/Pois      16%        1d3       13%         1
 Poisonous Vapours        Pois/Air       4%         N/A       26%         2
 Petrify                  Tmut/Erth      15%        N/A       36%         4
 Olgreb's Toxic Radiance  Pois           2%         N/A       86%         4


Dungeon Overview and Level Annotations

Branches:
Dungeon (5/15) Zot: 2716
 Temple: D:4-7

Altars:
Ashenzari

Annotations:
D:4 Ijyb


Innate Abilities, Weirdness & Mutations

You passively map a small area around you.
You are easily found by Zot.
You glow in the dark.
You regain HP and MP as you explore.


Message History

The blast of sand hits the adder.
You kill the adder!
The dart slug launches a dart at you. The slug dart hits you.
Your Earth Magic skill increases to level 4!
You have reached level 2!
The blast of sand hits the dart slug!
You kill the dart slug!
Your magical contamination has completely faded away.
There is a stone staircase leading down here.
You climb downwards.
There is a stone staircase leading up here.
Memorise Passwall, consuming 2 spell levels and leaving 3?
Magic restored.
You start memorising the spell.
You continue memorising. x2
You finish memorising.
Spell assigned to 'c'.
Casting: Sandblast (safe; 3% risk of failure)
Confirm with . or Enter, or press ? or * to list all spells.
Aiming: Passwall (safe; 9% risk of failure)
Press: ? - help, Dir - move target A rock wall.
You begin to meditate on the wall.
You continue meditating on the rock. x2
You finish merging with the rock.
Found 7 gold pieces.
A bat comes into view.
The blast of sand hits the bat.
The bat is severely wounded.
The bat hits you. The bat hits you but does no damage.
The blast of sand hits the bat!
You kill the bat!
A hobgoblin and an endoplasm come into view.
Found 13 gold pieces.
The hobgoblin shouts!
You hear a shout!
The endoplasm quivers.
The blast of sand hits the hobgoblin!
You kill the hobgoblin!
You have reached level 3!
Your experience leads to an increase in your attributes!
Increase (s)trength, (i)ntelligence, or (d)exterity?
You feel clever. x2; You feel stronger.
The blast of sand hits the endoplasm!
You kill the endoplasm!
You can't see any susceptible monsters within range! (Use Z to cast anyway.)
A rat comes into view.
The blast of sand misses the rat.
The blast of sand hits the rat!
You kill the rat!
You can't see any susceptible monsters within range! (Use Z to cast anyway.)
Found a scroll labelled SOWKUK ZOZ EPS.
Found a stone staircase leading down.
A bat comes into view.
A kobold comes into view. It is wielding a +0 club.
The bat moves out of view.
A quokka comes into view.
Found a scroll labelled LINWAT OGEMNU.
Found a peridot ring.
A sourceless malevolence fills the Dungeon...
You fall into a shaft and drop 2 floors!
The shaft crumbles and collapses.
Found 7 gold pieces.
You open the door.
An ice beast comes into view.
Found a scroll labelled SOWKUK ZOZ EPS.
Found a stone staircase leading down.
Okay, then.
You close the door.
You see here 7 gold pieces.
Found 9 gold pieces.
Found a stone staircase leading up.
There is a stone staircase leading up here.
You climb upwards.
There is a stone staircase leading down here.
The blast of sand hits the ball python!
You kill the ball python!
You can't see any susceptible monsters within range! (Use Z to cast anyway.)
You can't see any susceptible monsters within range! (Use Z to cast anyway.)
You open the door.
A scorpion comes into view.
The blast of sand misses the scorpion.
The blast of sand hits the scorpion but does no damage.
The blast of sand hits the scorpion.
The scorpion is lightly wounded.
The scorpion closely misses you. The scorpion stings you.
The blast of sand hits the scorpion but does no damage.
The scorpion is lightly wounded.
The scorpion stings you. x2
The blast of sand hits the scorpion.
The scorpion is moderately wounded.
The scorpion stings you. The scorpion closely misses you.
The blast of sand hits the scorpion.
The scorpion is severely wounded.
The scorpion barely misses you.
The blast of sand hits the scorpion but does no damage.
The scorpion is severely wounded.
The scorpion misses you. The scorpion stings you.
You are lethally poisoned!
The scorpion poisons you!
The blast of sand hits the scorpion.
You kill the scorpion!
You feel very sick.
Your Earth Magic skill gained 2 levels and is now at level 6!
You have reached level 4!
You feel sick.
You feel sick.
You feel sick.
You feel sick.
You feel sick.
You feel sick.
You are no longer poisoned.
You open the door.
Found a broken altar of Ashenzari.
There is an open door here.
The adder hisses angrily.
There is a broken altar of Ashenzari here.
You kneel at the altar of Ashenzari.
Ashenzari welcomes you!
Ashenzari warns you of distant threats and treasures.
Ashenzari reveals the structure of the dungeon to you.
Ashenzari shows you where magical portals lie.
There is an open door here.
This spell is quite dangerous to cast!
Memorise Stone Arrow, consuming 3 spell levels and leaving 2?
You start memorising the spell.
You continue memorising.
Magic restored.
You continue memorising. x2
You finish memorising.
Spell assigned to 'b'.
Found 6 stones.
Ijyb the Twisted Goblin comes into view.
She is wielding a +0 dagger and carrying a wand of roots (8).
Ijyb shouts!
You see here a ball python corpse.
Unknown command.
There is an open door here.
The blast of sand hits Ijyb but does no damage.
Ijyb zaps a wand.
The roots erupt in riotous growth!
The grasping roots grab you! The grasping roots constrict you.
The blast of sand hits Ijyb but does no damage.
The grasping roots constrict you.
The blast of sand hits Ijyb but does no damage.
The grasping roots constrict you. Ijyb hits you but does no damage.
The grasping roots constrict you.
The grasping roots release their grip on you.
The blast of sand misses Ijyb.
Ijyb zaps a wand.
The roots erupt in riotous growth!
The grasping roots grab you!
Ijyb is unaffected.
The grasping roots constrict you.
* * * LOW HITPOINT WARNING * * *
HP warning!
You are too injured to fight recklessly!
Casting: Sandblast (safe; 1% risk of failure)
Confirm with . or Enter, or press ? or * to list all spells.
Aiming: Sandblast (safe; 1% risk of failure)
Press: ? - help, Shift-Dir - straight line, f/p - Ijyb
Aim: Ijyb, wielding a +0 dagger, wearing a +0 chain mail and carrying a wand of roots (6) (83% to hit)
The blast of sand misses Ijyb.
Ijyb hits you with a +0 dagger.
You die...

.....##......>.#....... .
*
....S#.........#....#*...
*
....#####......#....##...
*,
##..#...#....†.'.........
,,
....#._.'......#.........
....#...#....†.#.........
....#####......#.........
,
.....#.........#g...#####
.....##........#@...##
......###....g.+.....#
........###....#....##
......#........#....# *
...#........#....# * ..
#.(......#....# ,
#........+....., * * ,
,#...... , < ,#.......


You could see Ijyb.

Vanquished Creatures
  A scorpion (D:4)
  An adder (D:2)
  A dart slug (D:2)
  An endoplasm (D:3)
  A hobgoblin (D:3)
  A kobold (D:1)
  2 ball pythons
  A bat (D:3)
  2 rats
11 creatures vanquished.

Notes
Turn   | Place    | Note
-------+----------+-------------------------------------------
     0 | D:1      | sentinel the Meteoran Earth Elementalist began the quest
                  | for the Orb.
     0 | D:1      | Reached XP level 1. HP: 14/14 MP: 5/5
   120 | D:2      | Reached skill level 4 in Earth Magic
   120 | D:2      | Reached XP level 2. HP: 6/20 MP: 2/6
   138 | D:3      | Learned a level 2 spell: Passwall
   154 | D:3      | Reached XP level 3. HP: 26/26 MP: 6/8
   166 | D:3      | You fall into a shaft and drop 2 floors!
   166 | D:5      | Entered Level 5 of the Dungeon
   179 | D:5      | Noticed an ice beast
   225 | D:4      | Noticed a scorpion
   235 | D:4      | Killed a scorpion
   236 | D:4      | Reached skill level 6 in Earth Magic
   236 | D:4      | Reached XP level 4. HP: 7/33 MP: 1/9
   242 | D:4      | Found a broken altar of Ashenzari.
   246 | D:4      | Became a worshipper of Ashenzari the Shackled
   253 | D:4      | Learned a level 3 spell: Stone Arrow
   255 | D:4      | Noticed Ijyb
   271 | D:4      | Slain by Ijyb

Illustrated notes

Levels and vault maps discovered:
D:1:      lemuel_arrival_broad_hall, layout_loops_cross,
          hellmonk_ecumenical_altar_inner_sanctum, columned_hall_lemuel,
          lexackson_kobold_supper
D:2:      kennysheep_six_static_rooms, layout_basic, uniq_natasha,
          uniq_crazy_yiuf_cottage, uniq_robin
D:3:      layout_basic, ebering_ghost_disaster_area
D:4:      layout_gridville, nicolae_ashenzari_skybound, tgw_xom, serial_shops,
          shop_fountains, nicolae_lakefront_shop, shop_statue,
          kennysheep_mini_moat, hangedman_glass_teeth,
          hangedman_abyss_or_decor_passed, lemuel_flame_loot_1, uniq_ijyb
D:5:      layout_basic, mainiacjoe_overflow_alcove_2, lemuel_doored_altar,
          okawaru_altar_gauntlet_db

Skill      XL: |  1  2  3 |
---------------+----------+-----
Earth Magic    | 4 6 |  6.1
Dodging        | |  2.4
Stealth        | |  1.4
Spellcasting   | |  2.6
Transmutations | |  1.2

Action                   |  1- 3 |  4- 6 || total
-------------------------+-------+-------++-------
 Cast: Sandblast         |    21 |     5 ||    26
       Passwall          |     1 |       ||     1
Armor: Robe              |     1 |     1 ||     2
Dodge: Dodged            |     5 |       ||     5
